 Dungeon Crawl Stone Soup version 0.30-a0-389-g8d7d949f56 (webtiles) character file.

Game seed: 7274241687072375165

4 tio the Grave Robber (level 1, -1/13 HPs)
             Began as a Demonspawn Necromancer on Dec 3, 2022.
             Slain by a quokka (4 damage)
             ... on level 1 of the Dungeon.
             The game lasted 00:01:16 (275 turns).

tio the Grave Robber (Demonspawn Necromancer)        Turns: 275, Time: 00:01:17

Health: -1/13      AC:  2    Str:  8    XL:     1   Next: 50%
Magic:  0/3        EV: 12    Int: 16    God:
Gold:   44         SH:  0    Dex: 13    Spells: 3/4 levels left

rFire   . . .      SeeInvis .    (no weapon)
rCold   . . .      Faith    .    (no shield)
rNeg    . . .      Spirit   .    a - +0 robe
rPois   .          Reflect  .    (no helmet)
rElec   .          Harm     .    (no cloak)
rCorr   .          Rampage  .    (no gloves)
Will    .....                    (no boots)
Stlth   ++........               (no amulet)
HPRegen 0.22/turn                (no ring)
MPRegen 0.08/turn                (no ring)

@: no status effects
A: no striking features
a: no special abilities


You were on level 1 of the Dungeon.
You visited 1 branch of the dungeon, and saw 1 of its levels.

You collected 44 gold pieces.

Inventory:

Armour
 a - a +0 robe (worn)
Scrolls
 c - a scroll of identify {unknown}
Potions
 b - a potion of magic


   Skills:
 + Level 1.7 Dodging
 + Level 1.7 Stealth
 + Level 2.1 Spellcasting
 + Level 4.5 Necromancy


You had 3 spell levels left.
You knew the following spells:

 Your Spells              Type           Power      Damage    Failure   Level
a - Necrotise             Necr           64%        1d7       3%          1

Your spell library contained the following spells:

 Spells                   Type           Power      Damage    Failure   Level
 Vampiric Draining        Necr           16%        2d7       10%         3
 Animate Dead             Necr           16%        N/A       30%         4
 Agony                    Necr           16%        N/A       65%         5


Dungeon Overview and Level Annotations

Branches:
Dungeon (1/15)

Altars:


Message History

The dead are walking!
Your frilled lizard skeleton crumbles into dust!
You open the door.
There is an open door here.
A hobgoblin and a quokka come into view.
The hobgoblin shouts!
You hear a shout!
The hobgoblin moves out of view.
The quokka barely resists.
The quokka writhes in agony.
The quokka bites you. x2
The quokka writhes in agony.
The quokka completely misses you.
You are out of magic!
You hit the quokka but do no damage.
The quokka is severely wounded.
The quokka bites you.
You closely miss the quokka.
The quokka is severely wounded.
The quokka bites you but does no damage.
You closely miss the quokka.
The quokka is severely wounded.
The quokka closely misses you.
You hit the quokka but do no damage.
The quokka is severely wounded.
The quokka barely misses you. The quokka bites you.
You closely miss the quokka.
The quokka is severely wounded.
The quokka barely misses you.
You barely miss the quokka.
The quokka is heavily wounded.
The quokka bites you but does no damage.
You closely miss the quokka. Your punch misses the quokka.
The quokka is heavily wounded.
The quokka bites you.
* * * LOW HITPOINT WARNING * * *
You closely miss the quokka.
The quokka is heavily wounded.
The quokka closely misses you.
You barely miss the quokka.
The quokka is heavily wounded.
The quokka bites you.
You die...

### ##### #.# ... ..# #.... #..
#.#.####.####.# #.... #.#
#.#.#....r..#.# #.... #.# #.#.#.#
#@.#.# #.... #.# #.#.#.# #..#.#
#.... #.# #.#.#.#
#..#.#########.... #.#
#.#.#.####..#.##..........#
##.####.#.........#.##.#####.....
...........................'.....
##..###.###.....#.#.##.#####.....
###.# #................... #.....
# #.# #####...#.#.##......##.....


You could see a quokka.

Vanquished Creatures
  A ball python (D:1)
  An endoplasm (D:1)
  A bat (D:1)
  A frilled lizard (D:1)
4 creatures vanquished.

Notes
Turn   | Place    | Note
-------+----------+-------------------------------------------
     0 | D:1      | tio the Demonspawn Necromancer began the quest for the Orb.
     0 | D:1      | Reached XP level 1. HP: 13/13 MP: 3/3
   193 | D:1      | Found a faded altar of an unknown god.
   275 | D:1      | Slain by a quokka

Illustrated notes

Levels and vault maps discovered:
D:1:      elethiomel_arrival_shortcut, layout_basic, basic_ecumenical_altar,
          serial_shops, shop

Action                   || total
-------------------------++-------
Melee: Unarmed           ||    16
 Cast: Necrotise         ||    12
Armor: Robe              ||     6
Dodge: Dodged            ||    10

Table legend: (Time is in decaauts)
 A = Elapsed time spent in this place.
 B = Non-inter-level travel time spent in this place.
 C = Inter-level travel time spent in this place.
 D = Time resting spent in this place.
 E = Time spent auto-exploring this place.
 F = Levels seen in this place.
 G = Mean time per level.
                   A        B        C        D        E       F      G
               +--------+--------+--------+--------+--------+-----+--------+
         Total |    275 |    204 |     71 |      0 |    156 |   1 |  275.0 |
       Dungeon |    275 |    204 |     71 |      0 |    156 |   1 |  275.0 |
               +--------+--------+--------+--------+--------+-----+--------+

Top non-repeatable levels by time:
     D:1: 275 daAuts
